 Dungeon Crawl Stone Soup version 0.17-a0-812-gf7dae37 (webtiles) character file.

74 FedoraBrony69 the Insei (level 4, 0/24 HPs)
             Began as a Vine Stalker Monk on Apr 26, 2015.
             Succumbed to a scorpion's poison
             ... on level 3 of the Dungeon.
             The game lasted 00:02:27 (1459 turns).

FedoraBrony69 the Insei (Vine Stalker Monk)         Turns: 1459, Time: 00:02:27

Health: 0/24       AC:  5    Str: 13    XL:     4   Next: 28%
Magic:  2/5        EV: 14    Int: 10    God:
Gold:   75         SH:  0    Dex: 18    Spells: 0 memorised, 3 levels left

rFire  . . .     SeeInvis .       - Unarmed
rCold  . . .     Clarity  .     p - +2 robe {rN+}
rNeg   + . .     SustAb   .     (no shield)
rPois  .         Gourm    .     (no helmet)
rElec  .         Spirit   +     (no cloak)
rCorr  .         Warding  .     (no gloves)
rMut   .         Stasis   .     (no boots)
MR     .....                    (no amulet)
Stlth  ++........               (no ring)
                                (no ring)

@: lethally poisoned (0 -> -4), not resistant to hostile enchantments,
unstealthy
A: fangs 2, regeneration 1, shaggy fur 1, magic shield, antimagic bite, no
device heal 3, rot immunity
a: no special abilities


You were on level 3 of the Dungeon.
You were not hungry.

You visited 1 branch of the dungeon, and saw 3 of its levels.

You collected 75 gold pieces.

Inventory:

Armour
 a - a +0 robe
 g - a +3 leather armour
 p - a +2 robe of positive energy (worn)
Jewellery
 l - an uncursed ring of magical power {unknown}
 m - an uncursed ring of wizardry {unknown}
Scrolls
 f - 4 scrolls of identify {unknown}
 h - 2 scrolls of blinking {unknown}
 j - a scroll of teleportation {unknown}
 n - a scroll of remove curse {unknown}
 q - a scroll of noise {unknown}
 s - a scroll of magic mapping {unknown}
Potions
 e - 2 potions of degeneration {unknown}
 i - a potion of restore abilities {unknown}
 k - 3 potions of curing {unknown}
 o - a potion of ambrosia {unknown}
Comestibles
 b - 4 bread rations
 c - 2 beef jerkies
 d - a meat ration
 r - 4 chunks of flesh


   Skills:
 + Level 3.3 Fighting
 + Level 3.0 Dodging
 - Level 2.4 Stealth
 + Level 4.6 Unarmed Combat


You had 3 spell levels left.
You didn't know any spells.

Dungeon Overview and Level Annotations

Branches:
Dungeon (3/15)

Altars:
Xom


Innate Abilities, Weirdness & Mutations

You have extremely sharp teeth.
Your natural rate of healing is unusually fast.
You are covered in fur (AC +1).
When hurt, damage is shared between your health and your magic reserves.
Your bite disrupts and absorbs the magic of your enemies.
Potions and wands cannot restore your health.
You are immune to rotting.


Message History

The scorpion is severely wounded.
The bat barely misses you.
The scorpion stings you but does no damage.
The iguana closely misses you.
You miss the bat. You bite the bat. You drain its power.
You feel invigorated.
The bat is severely wounded.
The bat hits you but does no damage.
The hobgoblin hits you but does no damage.
The scorpion closely misses you. The iguana misses you. The bat misses you.
You barely miss the scorpion.
The scorpion is severely wounded.
The bat hits you but does no damage. The scorpion stings you.
* * * LOW HITPOINT WARNING * * *
You are poisoned.
The scorpion poisons you!
The hobgoblin hits you but does no damage.
The iguana bites you!
* * * LOW HITPOINT WARNING * * *
The bat hits you but does no damage.
You die...

#........##.#
######<#.##.#
#.#.#..######
..#...#.....##
.###..#...)...##
.. ##..........#
.. #..........#
...
...#.......## .
.....#..^.@##
.....#.....b##
....#....slg.#
#...........#
#.#........##
.###.#..#..#####
...............#
......).†......#
..............#


You could see a scorpion, an iguana, a hobgoblin and a bat.

Vanquished Creatures
  Jessica (D:2)
  An adder (D:3)
  2 oozes
  A worm (D:3)
  2 giant cockroaches
  4 goblins
  3 hobgoblins
  A ball python (D:2)
  4 bats
  5 giant newts
  6 kobolds
  A quokka (D:2)
  3 rats
34 creatures vanquished.

Notes
Turn   | Place    | Note
--------------------------------------------------------------
     0 | D:1      | FedoraBrony69, the Vine Stalker Monk, began the quest for the Orb.
     0 | D:1      | Reached XP level 1. HP: 11/11 MP: 2/2
   430 | D:1      | Reached XP level 2. HP: 5/16 MP: 3/3
  1052 | D:2      | Noticed Jessica
  1064 | D:2      | Killed Jessica
  1064 | D:2      | Reached XP level 3. HP: 12/20 MP: 4/4
  1158 | D:2      | Found a shimmering altar of Xom.
  1322 | D:2      | Reached XP level 4. HP: 7/24 MP: 5/5
  1435 | D:3      | Noticed a scorpion
  1458 | D:3      | HP: 1/24 [iguana (6)]
  1459 | D:3      | Succumbed to a scorpion's poison

Action                   |  1- 3 |  4- 6 || total
-------------------------+-------+-------++-------
Melee: Unarmed           |    94 |    31 ||   125
 Stab: Sleeping          |     1 |       ||     1
       Distracted        |     1 |       ||     1
  Eat: Chunk             |     1 |     1 ||     2
